Map: Apotheosis LE

Players

LiquidTLO (TLO) - Winner!

  • Race: Zerg Zerg
  • League: Master

Rail

  • Race: Protoss Protoss

Event: DreamHack ZOWIE Open Valencia 2016

VOD

Have the link to the VOD?

Description

Time

  • Played on: July 15, 2016, 3:17 a.m.
  • Length: 10:55

All games in this series

Show
View Real Time Build Order
Export as new Build Order

LiquidTLO Zerg - Winner!

Build Orders: Hatch First, Lurkers 

Get SALT Encoding   

  12  0:01  Drone  
  13  0:12  Overlord  
  13  0:17  Drone  
  14  0:32  Drone x2  
  16  0:51  Hatchery  
  16  0:53  Drone  
  16  0:58  Drone  
  16  1:00  Drone  
  18  1:15  Spawning Pool  
  18  1:18  Extractor  
  16  1:20  Drone  
  16  1:23  Drone  
  18  1:28  Drone  
  19  1:42  Overlord  
  19  1:50  Drone  
  20  2:01  Queen  
  20  2:03  Zergling x2  
  20  2:04  Queen  
  25  2:09  Drone  
  25  2:12  Drone  
  25  2:15  Drone  
  28  2:23  Metabolic Boost  
  28  2:25  Drone  
  28  2:29  Drone  
  30  2:32  Overlord  
  30  2:35  Zergling x2  
  31  2:46  Hatchery  
  31  2:50  Zergling x2, Drone  
  32  2:54  Queen  
  34  3:00  Drone, Overlord  
  34  3:05  Zergling x2  
  35  3:07  Zergling x2  
  36  3:14  Zergling x2  
  36  3:15  Zergling x2  
  36  3:16  Zergling x6  
  36  3:19  Overlord  
  41  3:21  Drone  
  41  3:25  Drone  
  43  3:34  Drone  
  44  3:35  Drone  
  45  3:42  Queen  
  45  3:43  Overlord  
  45  3:45  Drone  
  45  3:46  Drone  
  45  3:47  Drone  
  50  3:50  Drone  
  50  3:52  Drone  
  52  3:56  Drone  
  52  3:59  Drone  
  52  4:02  Drone  
  55  4:05  Drone x3  
  55  4:08  Drone  
  59  4:10  Drone  
  59  4:15  Evolution Chamber  
  59  4:16  Drone  
  60  4:17  Drone  
  60  4:20  Drone  
  60  4:23  Drone x2  
  64  4:25  Drone  
  64  4:26  Drone  
  64  4:27  Baneling Nest  
  64  4:28  Overlord  
  64  4:29  Spore Crawler  
  64  4:30  Overlord, Hatchery  
  63  4:34  Spore Crawler  
  63  4:38  Drone x2  
  63  4:39  Drone, Overlord  
  63  4:45  Spore Crawler, Overlord  
  64  4:47  Zerg Missile Weapons Level 1  
  64  4:48  Drone x2  
  64  4:50  Drone  
  64  4:51  Zergling x2  
  67  4:53  Zergling x2  
  67  4:54  Drone  
  67  4:55  Drone  
  67  4:56  Drone  
  71  5:00  Drone x2, Extractor  
  71  5:01  Drone, Extractor  
  71  5:02  Drone  
  71  5:03  Drone  
  71  5:04  Extractor  
  71  5:05  Drone  
  74  5:09  Zergling x4  
  74  5:12  Lair  
  76  5:15  Drone  
  76  5:16  Extractor  
  76  5:17  Zergling x2  
  76  5:19  Drone  
  76  5:20  Drone  
  76  5:21  Drone  
  80  5:22  Drone, Extractor, Overlord  
  80  5:24  Zergling x4  
  80  5:25  Zergling x2  
  80  5:26  Zergling x2  
  80  5:28  Queen  
  82  5:29  Overlord  
  82  5:32  Drone  
  82  5:34  Drone  
  87  5:35  Zergling x2  
  87  5:36  Zergling x2  
  87  5:39  Zergling x2  
  87  5:42  Drone  
  90  5:44  Drone x2, Spore Crawler  
  90  5:46  Baneling x4  
  90  5:49  Drone  
  91  5:54  Drone  
  91  5:56  Queen  
  94  5:59  Drone  
  94  6:04  Queen  
  92  6:07  Drone  
  92  6:08  Zergling x2  
  92  6:09  Zergling x2  
  92  6:11  Zergling x2, Hydralisk Den  
  98  6:12  Zergling x4  
  98  6:13  Zergling x2, Spire  
  98  6:14  Zergling x4  
  98  6:17  Zergling x4  
  103  6:18  Overlord  
  103  6:19  Overlord  
  103  6:26  Zergling x2  
  103  6:27  Baneling x2  
  103  6:28  Zergling x4  
  103  6:29  Zergling x2  
  103  6:30  Zergling x2  
  103  6:31  Overlord  
  108  6:33  Drone  
  108  6:34  Zergling x2  
  108  6:37  Overlord  
  108  6:39  Overlord  
  110  6:43  Drone  
  110  6:44  Overlord  
  110  6:46  Overlord  
  110  6:49  Muscular Augments, Hydralisk x2  
  110  6:50  Hydralisk  
  110  6:53  Hydralisk, Overseer  
  118  6:57  Drone  
  118  6:58  Drone x2  
  118  7:00  Baneling  
  121  7:03  Hydralisk x2  
  121  7:04  Hydralisk  
  121  7:07  Drone  
  128  7:09  Zerg Melee Weapons Level 1  
  128  7:11  Drone  
  128  7:12  Hydralisk  
  128  7:13  Evolution Chamber  
  128  7:14  Overlord  
  130  7:17  Hydralisk  
  130  7:20  Overlord  
  132  7:25  Hydralisk x2, Overlord  
  132  7:28  Hydralisk  
  138  7:32  Drone x2  
  138  7:35  Spore Crawler, Hydralisk x2  
  141  7:37  Hydralisk  
  141  7:40  Hydralisk  
  141  7:44  Hydralisk  
  145  7:45  Zerg Missile Weapons Level 2  
  145  7:47  Drone  
  145  7:48  Zergling x2  
  149  7:58  Zergling x4  
  151  8:01  Zergling x2  
  151  8:04  Lurker Den  
  152  8:05  Zergling x2  
  152  8:08  Zergling x6  
  152  8:09  Zergling x4  
  152  8:10  Zergling x2  
  152  8:11  Zergling x2  
  158  8:13  Zergling x2, Hydralisk  
  158  8:14  Hydralisk x5  
  158  8:16  Hydralisk  
  158  8:18  Baneling  
  158  8:19  Baneling x3  
  172  8:22  Hydralisk x2  
  172  8:24  Hydralisk  
  172  8:25  Hydralisk  
  178  8:28  Hydralisk  
  178  8:30  Overlord  
  178  8:32  Overlord  
  179  8:36  Overlord  
  179  8:38  Overlord  
  179  8:40  Drone, Hydralisk x2, Extractor  
  183  8:42  Zergling x2  
  183  8:45  Hydralisk  
  183  8:47  Hydralisk  
  183  8:48  Zergling x4  
  184  8:49  Zergling x2  
  184  8:50  Zergling x2  
  184  8:51  Zergling x2  
  184  8:52  Zergling x2  
  184  8:53  Zergling x4  
  184  8:55  Hydralisk  
  169  8:57  Hydralisk  
  169  9:00  Zergling x6  
  169  9:02  Zergling x2, Hydralisk  
  169  9:04  Zergling x2  
  169  9:06  Drone x2  
  173  9:13  Zergling x4  
  173  9:14  Zergling x2  
  173  9:15  Overlord  
  176  9:22  Overlord  
  174  9:30  Baneling x2  
  174  9:31  Lurker  
  174  9:32  Lurker x4  
  174  9:34  Lurker x2  
  174  9:36  Drone  
  174  9:37  Zergling x2, Drone  
  184  9:39  Extractor  
  184  9:41  Lurker  
  184  9:45  Zergling x6  
  186  9:46  Zergling x2  
  186  9:47  Zergling x4  
  186  9:48  Zergling x4  
  186  9:49  Zergling x4  
  186  9:50  Zergling x2  
  186  9:51  Zergling x4  
  196  9:54  Zergling x2  
  196  9:55  Zergling x6  
  196  9:59  Hydralisk x3  
  192  10:01  Hydralisk  
  192  10:02  Zergling x6  
  187  10:07  Corruptor  
  187  10:10  Corruptor  
  187  10:12  Corruptor  
  178  10:16  Corruptor  
  178  10:18  Corruptor  
  178  10:20  Zergling x2  
  172  10:22  Zergling x2  
  163  10:29  Zergling x6  
  163  10:30  Zergling x4  
  163  10:32  Zergling x2  
  163  10:33  Zergling x2  
  163  10:34  Zergling x2  
  163  10:35  Zergling x4  
  155  10:36  Zergling x2  
Show
View Real Time Build Order
Export as new Build Order

Rail Protoss 

Build Orders: Nexus First, Phoenix Opening 

Get SALT Encoding   

  12  0:00  Probe (Chrono Boost)  
  13  0:11  Probe (Chrono Boost)  
  14  0:19  Pylon  
  14  0:22  Probe (Chrono Boost)  
  15  0:37  Probe (Chrono Boost)  
  16  0:48  Probe (Chrono Boost)  
  17  0:58  Nexus  
  17  1:02  Probe (Chrono Boost)  
  18  1:12  Gateway  
  18  1:16  Probe (Chrono Boost)  
  19  1:21  Assimilator  
  19  1:26  Probe (Chrono Boost)  
  19  1:29  Assimilator  
  20  1:37  Probe (Chrono Boost)  
  20  1:39  Pylon  
  21  1:48  Probe (Chrono Boost)  
  21  1:53  Gateway  
  22  1:58  Probe (Chrono Boost)  
  23  2:04  Cybernetics Core  
  23  2:09  Probe (Chrono Boost)  
  23  2:12  Probe (Chrono Boost)  
  25  2:19  Probe (Chrono Boost)  
  26  2:23  Probe (Chrono Boost)  
  28  2:30  Probe (Chrono Boost)  
  28  2:35  Probe (Chrono Boost)  
  29  2:37  Adept x2  
  29  2:42  Probe (Chrono Boost)  
  34  2:45  Warp Gate  
  34  2:47  Probe (Chrono Boost)  
  35  2:55  Probe (Chrono Boost)  
  35  2:56  Stargate  
  37  2:58  Probe (Chrono Boost)  
  37  3:09  Adept x2, Probe (Chrono Boost)  
  37  3:10  Probe (Chrono Boost)  
  43  3:17  Pylon  
  43  3:20  Probe (Chrono Boost)  
  43  3:21  Probe (Chrono Boost)  
  45  3:30  Probe (Chrono Boost)  
  46  3:35  Probe (Chrono Boost)  
  46  3:39  Phoenix  
  50  3:41  Probe (Chrono Boost)  
  50  3:42  Pylon  
  50  3:46  Probe (Chrono Boost)  
  51  3:49  Twilight Council  
  51  3:51  Assimilator  
  51  3:53  Probe (Chrono Boost), Assimilator  
  52  3:58  Pylon  
  52  4:00  Probe (Chrono Boost)  
  53  4:03  Probe (Chrono Boost)  
  53  4:04  Phoenix  
  56  4:10  Pylon  
  56  4:13  Probe (Chrono Boost)  
  56  4:16  Gateway, Resonating Glaives  
  57  4:18  Gateway  
  57  4:19  Probe (Chrono Boost)  
  58  4:25  Probe (Chrono Boost)  
  58  4:29  Phoenix  
  58  4:30  Probe (Chrono Boost)  
  64  4:38  Mothership Core (Chrono Boost)  
  64  4:48  Probe (Chrono Boost)  
  64  4:50  Pylon  
  64  4:51  Adept  
  67  4:53  Adept  
  67  4:55  Nexus  
  69  5:01  Phoenix  
  69  5:03  Probe x2 (Chrono Boost)  
  74  5:15  Probe x2 (Chrono Boost)  
  74  5:18  Pylon  
  74  5:23  Pylon  
  74  5:24  Pylon, Adept x3  
  74  5:28  Adept  
  82  5:33  Phoenix  
  82  5:35  Probe (Chrono Boost)  
  85  5:40  Probe (Chrono Boost)  
  86  5:46  Probe (Chrono Boost)  
  87  5:50  Probe (Chrono Boost)  
  87  5:51  Forge  
  89  5:57  Probe (Chrono Boost)  
  89  5:58  Robotics Facility  
  89  6:01  Probe (Chrono Boost)  
  89  6:02  Adept  
  89  6:03  Sentry  
  89  6:04  Sentry  
  96  6:07  Probe x2 (Chrono Boost)  
  98  6:11  Probe (Chrono Boost)  
  98  6:16  Assimilator  
  98  6:18  Protoss Ground Weapons Level 1, Probe x2 (Chrono Boost)  
  101  6:20  Pylon  
  101  6:25  Pylon  
  101  6:27  Probe (Chrono Boost)  
  101  6:28  Probe x2 (Chrono Boost), Assimilator  
  101  6:31  Photon Cannon  
  104  6:34  Photon Cannon  
  104  6:39  Robotics Facility  
  104  6:41  Probe x2 (Chrono Boost)  
  104  6:42  Sentry  
  104  6:43  Sentry x3, Observer  
  115  6:52  Pylon  
  115  6:59  Pylon  
  115  7:00  Pylon, Immortal  
  115  7:06  Gateway  
  115  7:07  Gateway  
  119  7:08  Pylon  
  119  7:20  Stalker  
  121  7:26  Robotics Bay, Immortal  
  121  7:34  Immortal  
  125  7:40  Charge, Zealot x2  
  125  7:41  Zealot  
  135  7:46  Pylon, Zealot  
  137  8:00  Immortal  
  137  8:01  Stalker x5  
  151  8:07  Stalker, Colossus  
  159  8:20  Extended Thermal Lance  
  159  8:25  Pylon  
  159  8:30  Nexus  
  159  8:34  Warp Prism  
  159  8:37  Pylon  
  161  8:53  Stalker x3, Zealot x2  
  160  8:56  Immortal  
  158  9:03  Colossus  
  158  9:06  Pylon  
  158  9:11  Stalker  
  166  9:24  Zealot x3  
  170  9:25  Zealot x2  
  170  9:29  Colossus, Templar Archives  
  176  9:34  Nexus  
  176  9:36  Pylon  
  182  9:42  Pylon  
  178  9:54  Robotics Facility  
  175  10:00  Zealot x3  
  165  10:10  Zealot x3  
  137  10:22  Sentry x3  
  113  10:37  Zealot x3  

Tags
 
Add a new tag
Caveats
  • Supply blocks, unpowered buildings, or Contaminate may cause inaccurate times.
  • Supply counts are checked every 10 seconds.